 Dungeon Crawl Stone Soup version 0.29.1-13-g9f3cf754e1 (webtiles) character file.

Game seed: 4235901651677048376

763 KittyFluff the Cudgeller (level 7, -1/44 HPs)
             Began as a Gargoyle Berserker on Jan 22, 2023.
             Was a Believer of Trog.
             Splashed by a jelly's acid (4 damage)
             ... on level 5 of the Dungeon.
             The game lasted 00:21:02 (6038 turns).

KittyFluff the Cudgeller (Gargoyle Berserker)       Turns: 6038, Time: 00:21:03

Health: -1/44      AC:  9    Str: 20    XL:     7   Next: 81%
Magic:  7/7        EV: 12    Int:  8    God:    Trog [**....]
Gold:   257        SH:  0    Dex: 11    Spells: 6/6 levels left

rFire   . . .      SeeInvis .   F - +3 flail (drain)
rCold   . . .      Faith    .   (no shield)
rNeg    + . .      Spirit   .   c - +0 leather armour
rPois   ∞          Reflect  .   (no helmet)
rElec   +          Harm     .   D - +0 cloak
rCorr   .          Rampage  .   (no gloves)
Will    .....                   (no boots)
Stlth   ++........              (no amulet)
HPRegen 0.14/turn               (no ring)
MPRegen 0.10/turn               (no ring)

@: no status effects
A: sickness immunity, AC +4, negative energy resistance 1, electricity
resistance, torment resistance 1, petrification resistance
a: Renounce Religion, Berserk, Trog's Hand


You were on level 5 of the Dungeon.
You worshipped Trog.
Trog was pleased with you.
You visited 1 branch of the dungeon, and saw 5 of its levels.

You collected 257 gold pieces.

Inventory:

Hand Weapons
 a - a +0 mace
 g - a +0 flail
 w - a +0 sling
 B - a +2 hammer of protection
 F - a +3 flail of draining (weapon)
Missiles
 b - 8 javelins (quivered)
 d - 70 stones
Armour
 c - a +0 leather armour (worn)
 j - an orb of light
 k - a +0 ring mail
 o - a +0 chain mail
 D - a +0 cloak (worn)
 G - a +0 chain mail
Wands
 h - a wand of flame (16)
 s - a wand of iceblast (8)
Scrolls
 l - 2 scrolls of teleportation {unknown}
 n - 2 scrolls of amnesia {unknown}
 r - a scroll of immolation {unknown}
 t - 3 scrolls of identify {unknown}
 u - a scroll of silence {unknown}
 v - a scroll of vulnerability {unknown}
 x - a scroll of summoning {unknown}
 y - a scroll of fear {unknown}
 E - a scroll of enchant weapon {unknown}
Potions
 e - a potion of ambrosia {unknown}
 f - 3 potions of heal wounds {unknown}
 i - a potion of brilliance {unknown}
 m - 3 potions of lignification {unknown}
 p - a potion of attraction {unknown}
 q - a potion of mutation {unknown}
 z - a potion of magic {unknown}
 A - a potion of flight {unknown}
 C - 2 potions of curing


   Skills:
 + Level 5.2 Fighting
 + Level 6.0 Maces & Flails
 * Level 5.0 Armour
 + Level 2.8 Dodging
 + Level 1.8 Stealth


You had 6 spell levels left.
You didn't know any spells.
Your spell library was empty.

Dungeon Overview and Level Annotations

Branches:
Dungeon (5/15)
 Temple: D:4-7

Altars:
Elyvilon
Fedhas
Gozag
Makhleb

Shops:
D:2 [


Innate Abilities, Weirdness & Mutations

You are immune to sickness and miasma.
Your stone body is resilient. (AC +4)
You are immune to poison.
You resist negative energy. (rN+)
You are resistant to electric shocks. (rElec)
You are resistant to unholy torment.
You are immune to petrification.


Message History

The iguana is heavily wounded.
The iguana barely misses you.
You barely miss the iguana.
The iguana is heavily wounded.
The iguana bites you but does no damage.
You sock the iguana!
You kill the iguana!
Trog accepts your kill.
You see here an iguana corpse.
An orc comes into view. It is wielding a +0 club.
The orc shouts!
An ogre comes into view. It is wielding a +0 giant spiked club.
The ogre shouts!
You barely miss the orc. The orc completely misses you.
You hit the orc. You drain the orc.
You kill the orc!
Trog accepts your kill.
The ogre hits you with a +0 giant spiked club.
You sock the ogre!
The ogre is moderately wounded.
The ogre hits you with a +0 giant spiked club!!
* * * LOW HITPOINT WARNING * * *
You sock the ogre! You drain the ogre.
You kill the ogre!
Trog accepts your kill.
A jelly comes into view.
Your Maces & Flails skill increases to level 6!
Your Armour skill increases to level 5!
The jelly quivers.
Things that are here:
a +0 giant spiked club; an ogre corpse You hit the jelly but do no damage.
Your hands burn!
* * * LOW HITPOINT WARNING * * *
The jelly hits you but does no damage.
You hit the jelly.
Your hands burn!
* * * LOW HITPOINT WARNING * * *
The jelly is lightly wounded.
The jelly misses you. The jelly hits you but does no damage.
You sock the jelly!
Your hands burn!
You die...

...###...###.....##.###..#
# #.........###.....####.#
...#
#...###.###.....##..## .
.. .###.....
##....#....### ..
#......###...........#
#.....#........##.###
#......#..........#
#....)##.........##
#.###.#@.....##..#
##....J#.....###.##
#...)..#......###.#
....#.....#.......##.##
... #......#.......##.# .
#.....##..#....#.##
...#.###.#...#.....#
...### ..#...#....## ###
...#.........###


You could see a jelly.

Vanquished Creatures
  Sigmund (D:4)
  Edmund (D:4)
  An ogre (D:5)
  A phantom (D:5)
  Crazy Yiuf (D:4)
  An orc priest (D:4)
  A hound (D:5)
  A jelly (D:5)
  An iguana (D:5)
  Ijyb (D:3)
  An orc wizard (D:5)
  A gnoll (D:1)
  5 adders
  3 worms
  2 dart slugs (D:1)
  13 orcs
  9 bats
  6 endoplasms
  3 giant cockroaches
  5 goblins
  6 hobgoblins
  5 kobolds
  3 quokkas
  2 ball pythons
  3 frilled lizards
  6 rats
83 creatures vanquished.

Vanquished Creatures (others)
  An orc (D:5)
  2 plants (D:4)
3 creatures vanquished.

Grand Total: 86 creatures vanquished

Notes
Turn   | Place    | Note
-------+----------+-------------------------------------------
     0 | D:1      | KittyFluff the Gargoyle Berserker began the quest for the
                  | Orb.
     0 | D:1      | Reached XP level 1. HP: 14/14 MP: 1/1
   369 | D:1      | Reached XP level 2. HP: 16/19 MP: 2/2
   719 | D:1      | Found a faded altar of an unknown god.
  1144 | D:1      | Reached XP level 3. HP: 24/24 MP: 3/3
  1507 | D:2      | Reached ** piety under Trog
  1604 | D:2      | Found Kitonk's Antique Armour Boutique.
  1733 | D:2      | Reached XP level 4. HP: 18/29 MP: 4/4
  2302 | D:3      | Noticed Ijyb
  2323 | D:3      | Killed Ijyb
  2324 | D:3      | Reached skill level 4 in Maces & Flails
  2930 | D:3      | Reached XP level 5. HP: 33/33 MP: 5/5
  3167 | D:4      | Found a white marble altar of Elyvilon.
  3168 | D:4      | Found a blossoming altar of Fedhas.
  4202 | D:5      | Entered Level 5 of the Dungeon
  4384 | D:5      | Found an opulent altar of Gozag.
  4773 | D:5      | Noticed a phantom
  4793 | D:5      | Killed a phantom
  4794 | D:5      | Reached XP level 6. HP: 12/39 MP: 6/6
  5126 | D:4      | Found a runed translucent door.
  5127 | D:4      | Noticed Crazy Yiuf
  5140 | D:4      | Killed Crazy Yiuf
  5141 | D:4      | Reached skill level 1 in Stealth
  5285 | D:4      | Noticed Sigmund
  5300 | D:4      | Killed Sigmund
  5301 | D:4      | Reached skill level 5 in Maces & Flails
  5301 | D:4      | Reached XP level 7. HP: 34/44 MP: 7/7
  5321 | D:4      | Noticed Edmund
  5391 | D:4      | Killed Edmund
  5392 | D:4      | Reached skill level 5 in Fighting
  5899 | D:5      | Found a burning altar of Makhleb.
  6031 | D:5      | Reached skill level 6 in Maces & Flails
  6031 | D:5      | Reached skill level 5 in Armour
  6038 | D:5      | Splashed by a jelly's acid

Illustrated notes

Levels and vault maps discovered:
D:1:      nicolae_arrival_washed_ashore, layout_basic,
          chequers_ecumenical_altar_simple
D:2:      layout_loops_ring, serial_shops, nicolae_shop_crystal, minmay_circle_x
D:3:      layout_loops_corners, uniq_ijyb
D:4:      kennysheep_big_flooded_room, layout_basic,
          mainiacjoe_overflow_divided_tiny, sigmund_edmund_badplayer,
          uniq_crazy_yiuf_cottage
D:5:      nicolae_BIG_FREAKIN_CUBE, layout_layer_cave,
          makhleb_blood_cavern_becter, grunt_gozag_breadcrumbs

Skill      XL: |  1  2  3  4  5  6  7 |
---------------+----------------------+-----
Fighting       | 4 5 |  5.2
Maces & Flails | 4 5 6 |  6.0
Armour         | 3 4 5 |  5.0
Dodging        | 2 |  2.8
Stealth        | 1 |  1.8

Action                   |  1- 3 |  4- 6 |  7- 9 || total
-------------------------+-------+-------+-------++-------
Melee: Mace              |   112 |   183 |    15 ||   310
       Punch             |       |     2 |       ||     2
       Flail             |       |       |    27 ||    27
Invok: Berserk           |       |     3 |       ||     3
 Stab: Sleeping          |       |       |     1 ||     1
Armor: Leather armour    |    55 |    73 |    12 ||   140
       Animal skin       |     3 |       |       ||     3
Dodge: Dodged            |    68 |    98 |    19 ||   185
